 Dungeon Crawl Stone Soup version 0.21-a0-508-gf08a75f (webtiles) character file.

93 dududu the Charmwright (level 4, -2/34 HPs)
             Began as a Vampire Skald on Nov 28, 2017.
             Slain by an orc
             ... wielding a +0 falchion
              (6 damage)
             ... on level 2 of the Dungeon.
             The game lasted 00:08:43 (3183 turns).

dududu the Charmwright (Vampire Skald)              Turns: 3183, Time: 00:08:43

Health: -2/34      AC:  0    Str: 11    XL:     4   Next: 36%
Magic:  5/7        EV: 20    Int: 15    God:
Gold:   101        SH:  0    Dex: 18    Spells: 1/7 levels left

rFire    . . .     SeeInvis +   (weapon currently unavailable)
rCold    + . .     Gourm    .   (shield currently unavailable)
rNeg     + + .     Faith    .   (armour currently unavailable)
rPois    +         Spirit   .   (helmet currently unavailable)
rElec    .         Reflect  .   (cloak currently unavailable)
rCorr    .         Harm     .   (gloves currently unavailable)
MR       .....                  (boots currently unavailable)
Stlth    ++++......             (no amulet)
HPRegen  0.05/turn              (ring currently unavailable)
MPRegen  0.10/turn              (ring currently unavailable)

@: bat-form, flying, regenerating slowly, very quick
A: tiny, fangs 3, see invisible
a: End Transformation


You were on level 2 of the Dungeon.
You were thirsty.
You were in vampire-bat-form.
You visited 1 branch of the dungeon, and saw 3 of its levels.

You collected 101 gold pieces.

Inventory:

Hand Weapons
 a - a +0 falchion (melded)
Missiles
 o - 3 tomahawks (quivered)
Armour
 b - a +0 leather armour (melded)
Jewellery
 k - an uncursed ring of magical power {unknown}
Scrolls
 e - a scroll of fog
 g - a scroll of amnesia {unknown}
 i - a scroll of enchant weapon {unknown}
 l - a scroll of remove curse {unknown}
 m - a scroll of fear {unknown}
Potions
 d - 5 potions of blood
 f - a potion of heal wounds
 h - 2 potions of flight
 j - a potion of curing
 n - a potion of might {unknown}
Books
 c - a book of Battle

   Spells                             Type                      Level
   a - Infusion                       Charms                       1
   b - Shroud of Golubria             Charms/Translocation         2
   c - Song of Slaying                Charms                       2
   d - Spectral Weapon                Hexes/Charms                 3
   e - Regeneration                   Charms/Necromancy            3


   Skills:
 + Level 2.4 Fighting
 + Level 3.0 Long Blades
 - Level 0.7 Armour
 - Level 2.1 Dodging
 - Level 2.0 Spellcasting
 * Level 2.4 Hexes
 - Level 4.0 Charms


You had one spell level left.
You knew the following spells:

 Your Spells              Type           Power        Failure   Level  Hunger
a - Infusion              Chrm           ##..         4%          1    #......
b - Shroud of Golubria    Chrm/Tloc      #.........   14%         2    ###....
c - Spectral Weapon       Hex/Chrm       ##......     17%         3    ###....


Dungeon Overview and Level Annotations

Branches:
Dungeon (3/15)

Altars:


Innate Abilities, Weirdness & Mutations

You heal slowly.
You have razor-sharp teeth.
You have supernaturally acute eyesight. (SInv)
((You can survive without breathing.))


Message History

Beogh smites you!
A leopard gecko comes into view.
You see here a stone.
The goblin shoots a stone.
The stone closely misses you.
You see here a stone.
The orc priest calls down the wrath of Beogh upon you.
Beogh smites you!
* * * LOW HITPOINT WARNING * * *
There is a stone staircase leading up here.
The orc hits you with a falchion.
* * * LOW HITPOINT WARNING * * *
You climb upwards.
There is a stone staircase leading down here.
The orc hits you with a falchion.
* * * LOW HITPOINT WARNING * * *
You fail to use your ability.
You turn into a vampire bat.
Your +0 falchion melds into your body.
Your +0 leather armour melds into your body.
The orc hits you with a falchion.
You die...

##.# #..# #.....# #...# # ##.#
#..####.....# ##.## #
##.######.........### ##...## #
#.................######.###.####
#......##...####.........# #.....
#..###.##......##.######.###.####
##.#)#.###..##.##.# ##...## #
##.###.# #..##.##o# ##.## #
##.....# #......b># #.######
##...### #.###.#### #.......
#..######.# #.###############...
#.........# #.................##
########### ###################


You could see an orc.

Vanquished Creatures
  Terence (D:3)
  An ooze (D:3)
  A worm (D:2)
  A dart slug (D:1)
  5 orcs (D:3)
  A ball python (D:2)
  4 bats
  4 giant cockroaches
  9 goblins
  4 hobgoblins
  3 jackals (D:2)
  5 kobolds
  A quokka (D:2)
  3 frilled lizards
  6 rats
49 creatures vanquished.

Notes
Turn   | Place    | Note
-------+----------+-------------------------------------------
     0 | D:1      | dududu the Vampire Skald began the quest for the Orb.
     0 | D:1      | Reached XP level 1. HP: 16/16 MP: 3/3
   153 | D:1      | Reached XP level 2. HP: 22/22 MP: 5/5
   157 | D:1      | Learned a level 2 spell: Shroud of Golubria
  1071 | D:2      | Reached XP level 3. HP: 25/27 MP: 6/6
  1093 | D:2      | Learned a level 3 spell: Spectral Weapon
  1570 | D:2      | Reached skill level 1 in Hexes
  2182 | D:3      | Noticed Terence
  2590 | D:3      | Killed Terence
  2590 | D:3      | Reached skill level 4 in Charms
  2590 | D:3      | Reached XP level 4. HP: 25/34 MP: 1/7
  3183 | D:2      | Slain by an orc

Vault maps used:
D:1:      matt_arrival_spirals, minmay_misc_feat_cross
D:2:      minmay_misc_feat_nine_boxes, st_stairs_8, item_on_display_a
D:3:      first_bread, uniq_sigmund, uniq_terence

Skill      XL: |  1  2  3  4 |
---------------+-------------+-----
Fighting       | 2 |  2.4
Hexes          | 2 |  2.4
Charms         | 4 |  4.0
Long Blades    | 3 |  3.0
Armour         | |  0.7
Dodging        | |  2.1
Spellcasting   | |  2.0

Action                   |  1- 3 |  4- 6 || total
-------------------------+-------+-------++-------
Melee: Falchion          |   142 |    23 ||   165
       Bite              |    17 |     2 ||    19
 Cast: Infusion          |     2 |       ||     2
       Shroud of Golubri |     2 |     2 ||     4
       Spectral Weapon   |     2 |     2 ||     4
 Abil: Bat Form          |       |     1 ||     1
  Use: Potion            |     3 |     2 ||     5
       Scroll            |     2 |     1 ||     3
 Stab: Sleeping          |     3 |       ||     3
Armor: Leather armour    |    23 |    11 ||    34
Dodge: Dodged            |    97 |     9 ||   106
       Rpst.: Falchion   |    32 |     3 ||    35

Table legend:
 A = Spawn XP
 B = Non-spawn XP
 C = Spawn XP percentage of total XP
 D = Spawn monster count
 E = Non-spawn monster count
 F = Spawn count percentage of total count
 G = Total turns spent on level
                    A         B        C        D         E        F      G
               +---------+---------+-------+---------+---------+-------+---------
         Total |       0 |     133 |   0.0 |       0 |      49 |   0.0 |  3183
               +---------+---------+-------+---------+---------+-------+---------
           D:1 |       0 |      32 |   0.0 |       0 |      18 |   0.0 |   748
           D:2 |       0 |      35 |   0.0 |       0 |      19 |   0.0 |  1756
           D:3 |       0 |      66 |   0.0 |       0 |      12 |   0.0 |   679
               +---------+---------+-------+---------+---------+-------+---------
